 Dungeon Crawl Stone Soup version 0.29.1-15-g9cfb28693d (webtiles) character file.

Game seed: 10181080696207193610

15 sizableburger the Sneak (level 2, -3/22 HPs)
             Began as a Naga Fire Elementalist on Mar 22, 2023.
             Slain by a gnoll
             ... wielding a +0 club
              (7 damage)
             ... on level 1 of the Dungeon.
             The game lasted 00:02:07 (777 turns).

sizableburger the Sneak (Naga Fire Elementalist)     Turns: 777, Time: 00:02:08

Health: -3/22      AC:  1    Str: 10    XL:     2   Next: 50%
Magic:  1/5        EV:  9    Int: 15    God:
Gold:   26         SH:  0    Dex: 11    Spells: 2/5 levels left

rFire   . . .      SeeInvis +   f - +0 dagger
rCold   . . .      Faith    .   (no shield)
rNeg    . . .      Spirit   .   a - +0 robe
rPois   +          Reflect  .   (no helmet)
rElec   .          Harm     .   (no cloak)
rCorr   .          Rampage  .   (no gloves)
Will    .....                   (no barding)
Stlth   ++........              (no amulet)
HPRegen 0.07/turn               (no ring)
MPRegen 0.09/turn               (no ring)

@: brilliant, very slow
A: AC +0, large, see invisible, deformed body, poison resistance, slowness 2,
spit poison 1, naga tail 1
a: Spit Poison


You were on level 1 of the Dungeon.
You visited 1 branch of the dungeon, and saw 1 of its levels.

You collected 26 gold pieces.

Inventory:

Hand Weapons
 f - a +0 dagger (weapon)
Armour
 a - a +0 robe (worn)
Magical Staves
 e - a staff of earth
Potions
 b - a potion of magic


   Skills:
 - Level 1.6 Dodging
 - Level 3.1 Stealth
 + Level 2.4 Spellcasting
 + Level 1.7 Conjurations
 - Level 3.0 Fire Magic


You had 2 spell levels left.
You knew the following spells:

 Your Spells              Type           Power      Damage    Failure   Level
a - Foxfire               Conj/Fire      52%        2x1d6     9%          1
b - Scorch                Fire           32%        2d6       10%         2

Your spell library contained the following spells:

 Spells                   Type           Power      Damage    Failure   Level
 Conjure Flame            Conj/Fire      13%        6-21      24%         3
 Inner Flame              Hex/Fire       9%         N/A       34%         3
 Flame Wave               Conj/Fire      13%        2d6       63%         4


Dungeon Overview and Level Annotations

Branches:
Dungeon (1/15)

Altars:


Innate Abilities, Weirdness & Mutations

Your serpentine skin is tough. (AC +0)
You have supernaturally acute eyesight. (SInv)
Armour fits poorly on your strangely shaped body.
Your system is resistant to poisons. (rPois)
You cover ground very slowly.
You can spit poison.
You have a snake-like lower body.


Message History

Confirm with . or Enter, or press ? or * to list all spells.
Flames lash the endoplasm.
The endoplasm quivers.
The endoplasm is almost dead.
The endoplasm's fire resistance burns away.
You hear a shout! x2
Unknown command.
Casting: Scorch (safe; 10% risk of failure)
Confirm with . or Enter, or press ? or * to list all spells.
Flames lash the endoplasm.
The endoplasm is burned terribly!
You kill the endoplasm!
Unknown command.
A gnoll comes into view. It is wielding a +0 club.
A gnoll is nearby!
A hobgoblin comes into view.
Aiming: Spit Poison (2% risk of failure)
Press: ? - help, Shift-Dir - straight line, f - gnoll
Aim: a gnoll, wielding a +0 club (65% to hit)
The splash of poison hits the gnoll.
The gnoll is lightly wounded.
The gnoll attacks as you move away! The gnoll hits you with a +0 club.
You aren't carrying any items that you can evoke.
As you read the scroll labelled CORESE IMIMITT, it crumbles to dust.
It is a scroll of identify.
d - a potion of curing The gnoll hits you with a +0 club!
It was a potion of brilliance.
You feel clever all of a sudden. The gnoll hits you with a +0 club.
* * * LOW HITPOINT WARNING * * *
You feel better. The gnoll hits you with a +0 club.
* * * LOW HITPOINT WARNING * * *
Okay, then.
Casting: Scorch (safe; 10% risk of failure)
Confirm with . or Enter, or press ? or * to list all spells.
You feel a surge of power!
Flames lash the hobgoblin.
You kill the hobgoblin!
You have got your breath back.
The gnoll hits you with a +0 club!
You die...

####...........# #..##........).#
#...##.†..###†## ###.......# #.#
#..†....# #.# ##.#.#.## #.#
#.#.....##.#
#.###......######.####
######..........@g†....#..
.......####...##########.#
##.###.# ###. #####.#### #. #.#
#. #........## #.###.# #...#
#.........# #.....# #...#
#..##..#..# ####.###
#...#####..#...#..#### #......#
#..........#.#........
#.##.#.#####...#####......#..#...


You could see a gnoll.

Vanquished Creatures
  An endoplasm (D:1)
  2 giant cockroaches (D:1)
  4 hobgoblins (D:1)
  2 quokkas (D:1)
  A ball python (D:1)
  2 frilled lizards (D:1)
  2 kobolds (D:1)
  A rat (D:1)
15 creatures vanquished.

Vanquished Creatures (others)
  31 foxfires (D:1)
31 creatures vanquished.

Grand Total: 46 creatures vanquished

Notes
Turn   | Place    | Note
-------+----------+-------------------------------------------
     0 | D:1      | sizableburger the Naga Fire Elementalist began the quest
                  | for the Orb.
     0 | D:1      | Reached XP level 1. HP: 15/15 MP: 3/3
   452 | D:1      | Reached XP level 2. HP: 22/22 MP: 5/5
   703 | D:1      | Learned a level 2 spell: Scorch
   777 | D:1      | Slain by a gnoll

Illustrated notes

Levels and vault maps discovered:
D:1:      kennysheep_arrival_seaside, layout_loops_cross, minivault_23,
          hangedman_glass_teeth

Action                   || total
-------------------------++-------
Melee: Unarmed           ||     3
       Dagger            ||     9
 Cast: Foxfire           ||    18
       Scorch            ||     4
 Abil: Spit Poison       ||     8
  Use: Potion            ||     2
       Scroll            ||     1
 Stab: Sleeping          ||     1
Armor: Robe              ||     2
Dodge: Dodged            ||    16
